 Dungeon Crawl Stone Soup version 0.27.0-1-g7a089689b8 (webtiles) character file.

Game seed: 17417896544073004436

113 thirtiethelement the Skirmisher (level 4, -4/35 HPs)
             Began as a Demonspawn Abyssal Knight on Aug 12, 2021.
             Was a Believer of Lugonu.
             Killed by nerve-wracking pain
             ... invoked by an orc priest
              (14 damage)
             ... on level 3 of the Dungeon.
             The game lasted 00:07:07 (4026 turns).

thirtiethelement the Skirmisher (DsAK)              Turns: 4026, Time: 00:07:08

Health: -4/35      AC:  5    Str: 13    XL:     4   Next: 65%
Magic:  6/6        EV: 10    Int: 14    God:    Lugonu [**....]
Gold:   149        SH:  5    Dex: 12    Spells: 5/6 levels left

rFire    . . .     SeeInvis .   a - +1 falchion
rCold    . . .     Faith    .   d - +2 buckler
rNeg     . . .     Spirit   .   b - +0 leather armour
rPois    .         Reflect  .   l - +2 hat
rElec    .         Harm     .   (no cloak)
rCorr    .         Rampage  .   (no gloves)
Will     .....                  (no boots)
Stlth    +.........             (no amulet)
HPRegen  0.11/turn              j - ring of flight
MPRegen  0.10/turn              (no ring)

@: flying
A: claws 1, demonic guardian 1
a: Renounce Religion, Depart the Abyss, Bend Space


You were on level 3 of the Dungeon.
You worshipped Lugonu.
Lugonu was pleased with you.
You visited 1 branch of the dungeon, and saw 3 of its levels.
You visited the Abyss 1 time.

You collected 149 gold pieces.

Inventory:

Hand Weapons
 a - a +1 falchion (weapon)
Missiles
 i - a boomerang (quivered)
Armour
 b - a +0 leather armour (worn)
 d - a +2 buckler (worn)
 l - a +2 hat (worn)
Jewellery
 j - a ring of flight (left claw)
Scrolls
 e - 2 scrolls of magic mapping {unknown}
 g - 2 scrolls of vulnerability {unknown}
 m - 2 scrolls of noise {unknown}
 n - a scroll of identify {unknown}
 o - a scroll of enchant armour {unknown}
Potions
 c - a potion of ambrosia {unknown}
 f - a potion of berserk rage {unknown}
 h - a potion of attraction {unknown}
 k - 3 potions of might {unknown}


   Skills:
 + Level 3.4 Fighting
 + Level 2.3 Long Blades
 + Level 2.2 Armour
 + Level 1.2 Dodging
 + Level 0.2 Stealth
 + Level 0.6 Shields
 + Level 1.5 Spellcasting
 + Level 1.4 Ice Magic
 + Level 2.7 Invocations


You had 5 spell levels left.
You knew the following spells:

 Your Spells              Type           Power      Damage    Failure   Level
a - Freeze                Ice            20%        1d4       26%         1

Your spell library contained the following spells:

 Spells                   Type           Power      Damage    Failure   Level
 Passwall                 Tmut/Erth      0%         N/A       58%         2
 Frozen Ramparts          Ice            10%        1d3       63%         3
 Swiftness                Air            1%         N/A       82%         3
 Hailstorm                Conj/Ice       3%         3d3       98%         4
 Conjure Ball Lightning   Conj/Air       0%         3x3d6     100%        6
 Invisibility             Hex            0%         N/A       100%        6
 Discord                  Hex            0%         N/A       100%        8
 Disjunction              Tloc           0%         N/A       100%        8


Dungeon Overview and Level Annotations

Branches:
Dungeon (3/15)

Altars:
Elyvilon
Uskayaw


Innate Abilities, Weirdness & Mutations

You have sharp fingernails.
A weak demonic guardian rushes to your aid.


Message History

Beogh smites you!
A demonic guardian appears!
The orc shouts!
The orc shouts!
The orc priest invokes the aid of Beogh against you.
Pain shoots through your body!
The orc priest calls down the wrath of Beogh upon you.
Pain shoots through your body!
Throw: boomerang
Press: ? - help, Q - select action, (/) - cycle Shift-Dir - straight line, f/p - orc priest
Aim: an orc priest, wielding a +0 hand axe (ally target, 57% to hit)
You throw a boomerang.
The boomerang closely misses the orc priest.
The orc priest calls down the wrath of Beogh upon you.
Pain shoots through your body!
Something closely misses your white imp.
You block the orc's attack.
You hit the orc.
You kill the orc!
Lugonu accepts your kill. You block the orc's attack.
You hit the orc but do no damage. The orc priest barely misses you.
The orc hits you but does no damage.
You hit the orc.
The orc is moderately wounded.
The orc priest barely misses you.
You riposte.
You closely miss the orc priest. The orc hits you but does no damage.
You block the orc priest's attack.
You hit the orc.
The orc is moderately wounded.
The orc hits you with a +0 short sword.
* * * LOW HITPOINT WARNING * * *
The orc priest hits you but does no damage.
Your white imp gestures at the orc.
The puff of frost hits the orc!
The orc dies!
Lugonu accepts your kill.
You hit the orc priest.
The orc priest is heavily wounded.
The orc priest calls down the wrath of Beogh upon you.
Pain shoots through your body!
You die...

#..# .# #..# ##.## #..#
##!..#### #..# ........#
#..# #####...##.#
#..#########......###.#
###..........5.o.....#.#
≈≈##...........##)#....#####
⌠≈≈##..#..#..#.o@.......>..#
..≈≈≈≈≈≈≈≈≈≈≈≈≈.###....###.#
_....)..........# ##.#.#
#.##### ..≈≈≈≈≈≈≈≈≈≈≈≈≈##
#.#.# #.#...##
⌠≈≈##..#..#..#.#
#.#.###......#
≈≈###.........P#
#....##.......
###...#######.##
#..#...[...... #.###
##...######...##....... #.#
#.###.#......####.....#


You could see an orc priest (ally target) and a friendly white imp (summoned).

Vanquished Creatures
  An iguana (D:2)
  3 adders (D:2)
  A worm (D:2)
  A dart slug (D:3)
  2 orcs (D:3)
  5 ball pythons
  5 endoplasms
  5 giant cockroaches
  3 goblins (D:1)
  6 hobgoblins
  2 quokkas
  2 bats (D:1)
  4 frilled lizards
  3 kobolds
  6 rats
49 creatures vanquished.

Vanquished Creatures (collateral kills)
  An orc (D:3)
  An endoplasm (D:3)
2 creatures vanquished.

Vanquished Creatures (others)
  12 plants (D:3)
12 creatures vanquished.

Grand Total: 63 creatures vanquished

Notes
Turn   | Place    | Note
-------+----------+-------------------------------------------
     0 | Abyss:1  | thirtiethelement the Demonspawn Abyssal Knight began the
                  | quest for the Orb.
     0 | Abyss:1  | Reached XP level 1. HP: 18/18 MP: 2/2
    45 | Abyss:2  | Found a corrupted altar of Lugonu.
    64 | Abyss:2  | Noticed a large abomination
    76 | D:1      | Escaped the Abyss
   157 | D:1      | Reached * piety under Lugonu
   279 | D:1      | Gained mutation: You have sharp fingernails. [demonic
                  | ancestry]
   279 | D:1      | Reached XP level 2. HP: 23/24 MP: 3/3
   287 | D:1      | Learned a level 1 spell: Freeze
  1270 | D:2      | Gained mutation: A weak demonic guardian rushes to your
                  | aid. [demonic ancestry]
  1270 | D:2      | Reached XP level 3. HP: 16/29 MP: 3/5
  1495 | D:2      | Reached skill level 1 in Dodging
  1495 | D:2      | Reached skill level 1 in Spellcasting
  1495 | D:2      | Reached skill level 1 in Ice Magic
  1780 | D:2      | Reached ** piety under Lugonu
  1781 | D:2      | Reached XP level 4. HP: 34/35 MP: 2/6
  3047 | D:3      | Found a hide-covered altar of Uskayaw.
  3162 | D:3      | Found a faded altar of an unknown god.
  4026 | D:3      | Killed from afar by an orc priest

Illustrated notes

Levels and vault maps discovered:
D:1:      amcnicky_arrival_feature_with_door, layout_loops_ring
D:2:      layout_basic
D:3:      layout_loops_ring, nicolae_elyvilon_temple_path,
          amcnicky_altar_gilded, mainiacjoe_overflow_alcove_2,
          chequers_ecumenical_altar_simple

Skill      XL: |  1  2  3 |
---------------+----------+-----
Armour         | 2 |  2.2
Long Blades    | 2 |  2.3
Dodging        | 1 |  1.2
Spellcasting   | 1 |  1.5
Ice Magic      | 1 |  1.4
Fighting       | |  3.4
Stealth        | |  0.2
Shields        | |  0.6
Invocations    | |  2.7

Action                   |  1- 3 |  4- 6 || total
-------------------------+-------+-------++-------
Melee: Falchion          |    48 |    29 ||    77
Throw: Boomerang         |       |    23 ||    23
 Cast: Freeze            |    24 |    24 ||    48
Invok: Depart the Abyss  |     1 |       ||     1
Armor: Leather armour    |    22 |    18 ||    40
Dodge: Dodged            |    34 |    22 ||    56
Block: Buckler           |    20 |    19 ||    39
       Rpst.: Falchion   |    14 |     6 ||    20
